 Dungeon Crawl Stone Soup version 0.29.1-15-g9cfb28693d (console) character file.

Game seed: 9905224390395825755

305 thromnambular the Trooper (level 6, -4/67 HPs)
             Began as an Ogre Cinder Acolyte on Apr 27, 2023.
             Was a High Priest of Ignis.
             Succumbed to an orc's poison
             ... on level 3 of the Dungeon.
             The game lasted 00:16:53 (3359 turns).

thromnambular the Trooper (Ogre Cinder Acolyte)     Turns: 3359, Time: 00:16:54

Health: -4/67      AC: 12    Str: 19    XL:     6   Next: 39%
Magic:  11/11      EV:  9    Int: 15    God:    Ignis [*****.]
Gold:   131        SH:  0    Dex:  6    Spells: 9/11 levels left

rFire   + + .      SeeInvis .   m - +0 mace
rCold   + . .      Faith    .   (no shield)
rNeg    . . .      Spirit   .   b - +0 robe
rPois   +          Reflect  .   (helmet restricted)
rElec   +          Harm     .   (no cloak)
rCorr   +          Rampage  .   (gloves unavailable)
Will    .....                   (boots unavailable)
Stlth   +.........              (no amulet)
HPRegen 0.21/turn               (no ring)
MPRegen 0.12/turn               (no ring)

@: mighty, brilliant, lethally poisoned (-4 -> -26), resistant, fiery-armoured
A: large, unfitting armour, tough skin 1, iridescent scales 1, wild magic 1
a: Renounce Religion, Fiery Armour, Foxfire Swarm, Rising Flame


You were on level 3 of the Dungeon.
You worshipped Ignis.
Ignis was extremely pleased with you.
You visited 1 branch of the dungeon, and saw 3 of its levels.

You collected 131 gold pieces.

Inventory:

Hand Weapons
 a - a -1 mace of flaming
 m - a +0 mace (weapon)
Armour
 b - a +0 robe (worn)
Wands
 l - a wand of roots (1)
Scrolls
 c - 2 scrolls of fog
 d - a scroll of summoning {unknown}
 i - a scroll of teleportation {unknown}
 j - a scroll of amnesia {unknown}
 o - a scroll of brand weapon {unknown}
Potions
 f - 2 potions of attraction
 n - 2 potions of flight


   Skills:
 + Level 5.8 Fighting
 + Level 3.9 Maces & Flails
 + Level 2.4 Dodging
 + Level 3.4 Spellcasting
 - Level 2.6 Fire Magic


You had 9 spell levels left.
You knew the following spells:

 Your Spells              Type           Power      Damage    Failure   Level
a - Scorch                Fire           40%        2d7       14%         2

Your spell library contained the following spells:

 Spells                   Type           Power      Damage    Failure   Level
 Ensorcelled Hibernation  Hex/Ice        10%        N/A       36%         2
 Passwall                 Tmut/Erth      4%         N/A       36%         2
 Swiftness                Air            5%         N/A       58%         3


Dungeon Overview and Level Annotations

Branches:
Dungeon (3/15)

Altars:
The Shining One


Innate Abilities, Weirdness & Mutations

You are too large for most types of armour.
You have tough skin. (AC +1)
You are partially covered in iridescent scales. (AC +2)
Your spells are a little harder to cast, but a little more powerful.


Message History

You sock the adder!
You kill the adder!
You feel sick. The orc closely misses you.
You feel very mighty all of a sudden.
You feel sick. The orc misses you.
The orc hits you from afar with a +3 trident of venom.
* * * LOW HITPOINT WARNING * * *
You hit the orc.
The orc is heavily wounded.
You feel sick.
The kobold throws a stone.
The stone barely misses you. The orc closely misses you.
The orc hits you but does no damage.
The orc is burned by your cloak of flames.
The orc is almost dead.
You hit the orc.
You kill the orc!
You feel sick.
The kobold throws a stone.
The stone closely misses you. The orc hits you but does no damage.
You are more poisoned.
You hit the orc.
The orc is almost dead.
* * * LOW HITPOINT WARNING * * *
You feel very sick. The orc hits you but does no damage.
The orc is burned by your cloak of flames.
You kill the orc!
The orc hits you but does no damage.
You are lethally poisoned!
An endoplasm comes into view.
The orc hits you but does no damage.
It was a potion of resistance.
You feel protected.
* * * LOW HITPOINT WARNING * * *
You feel very sick.
The endoplasm quivers.
The orc hits you from afar with a +3 trident of venom.
* * * LOW HITPOINT WARNING * * *
You are more poisoned.
It was a potion of brilliance.
You feel clever all of a sudden.
You die...

........#####
...........# #......
..........###.......
##..................
##.........# .......
#....).....# .......
#..........# .....J.
............###.......
[#
..........)..)@.K.....
..
............o####.....
.#
..#...<....#......####
#. ...........#####..#
#. ..........§# .# #.
P.........§### #####.
.........§§...###
#.....
.......>..........
###>[...
...............##
........


You could see an orc, an endoplasm and a kobold.

Vanquished Creatures
  Sigmund (D:3)
  Natasha (D:2)
  4 adders (D:3)
  2 worms
  5 orcs (D:3)
  6 endoplasms
  A giant cockroach (D:3)
  8 goblins
  14 hobgoblins
  4 jackals (D:3)
  6 quokkas
  2 ball pythons
  4 bats
  5 frilled lizards
  4 kobolds
  2 rats
69 creatures vanquished.

Vanquished Creatures (others)
  21 fungi (D:3)
21 creatures vanquished.

Grand Total: 90 creatures vanquished

Notes
Turn   | Place    | Note
-------+----------+-------------------------------------------
     0 | D:1      | thromnambular the Ogre Cinder Acolyte began the quest for
                  | the Orb.
     0 | D:1      | Reached XP level 1. HP: 24/24 MP: 2/2
   590 | D:1      | Reached XP level 2. HP: 29/33 MP: 3/3
  1476 | D:2      | Noticed Natasha
  1491 | D:2      | Noticed a crimson imp
  1491 | D:2      | Killed Natasha
  1492 | D:2      | Reached skill level 1 in Dodging
  1492 | D:2      | Reached XP level 3. HP: 13/40 MP: 4/6
  1820 | D:2      | Noticed a great orb of eyes
  1821 | D:2      | Found a faded altar of an unknown god.
  1825 | D:2      | Noticed a great orb of eyes
  1825 | D:2      | Noticed a golden eye
  1825 | D:2      | Noticed a floating eye
  1961 | D:2      | Reached XP level 4. HP: 45/49 MP: 7/7
  2309 | D:2      | Learned a level 2 spell: Scorch
  2811 | D:3      | Noticed Sigmund
  2846 | D:3      | Killed Sigmund
  2847 | D:3      | Reached skill level 5 in Fighting
  2847 | D:3      | Reached XP level 5. HP: 18/58 MP: 7/9
  2847 | D:3      | Reached XP level 6. HP: 20/66 MP: 7/10
  3130 | D:3      | Gained mutation: You are partially covered in iridescent
                  | scales. (AC +2) [potion of mutation]
  3130 | D:3      | Gained mutation: Your spells are a little harder to cast,
                  | but a little more powerful. [potion of mutation]
  3193 | D:3      | Found a glowing golden altar of the Shining One.
  3358 | D:3      | HP: 1/67 [orc/+3 trident of venom (4)]
  3359 | D:3      | Succumbed to an orc's poison

Illustrated notes

Levels and vault maps discovered:
D:1:      heliophobic_arrival_glass_houses, layout_basic, minmay_domino_2
D:2:      minmay_spotlight, layout_loops_ring,
          hellmonk_ecumenical_altar_watching_god, st_stairs_14, uniq_natasha
D:3:      layout_rooms, mainiacjoe_overflow_chevrons, minmay_between,
          uniq_sigmund

Skill      XL: |  1  2  3  4 |
---------------+-------------+-----
Maces & Flails | 3 |  3.9
Dodging        | 1 2 |  2.4
Spellcasting   | 2 3 |  3.4
Fighting       | 5 |  5.8
Fire Magic     | |  2.6

Action                   |  1- 3 |  4- 6 || total
-------------------------+-------+-------++-------
Melee: Mace              |    82 |   123 ||   205
       Punch             |     1 |     1 ||     2
 Cast: Scorch            |       |     5 ||     5
Invok: Fiery Armour      |     1 |     2 ||     3
  Use: Potion            |     2 |     7 ||     9
       Scroll            |       |     5 ||     5
Armor: Robe              |    30 |    58 ||    88
Dodge: Dodged            |    34 |    74 ||   108
